 Dungeon Crawl Stone Soup version 0.25-a0-424-g80bd347ae0 (webtiles) character file.

Game seed: 11074746100771420483, levelgen mode: deterministic

1556 kae the Spear-Bearer (level 8, -13/52 HPs)
             Began as a Merfolk Ice Elementalist on Jan 22, 2020.
             Was a Believer of Ru.
             Engulfed by a steam dragon's steam (19 damage)
             ... on level 7 of the Dungeon.
             The game lasted 00:11:14 (6402 turns).

kae the Spear-Bearer (Merfolk Ice Elementalist)     Turns: 6402, Time: 00:11:14

Health: -13/52     AC:  5    Str: 11    XL:     8   Next: 88%
Magic:  12/12      EV: 13    Int: 14    God:    Ru [**....]
Gold:   480        SH:  0    Dex: 14    Spells: 5/13 levels left

rFire    x . .     SeeInvis .   n - +0 spear
rCold    + . .     Gourm    .   (no shield)
rNeg     . . .     Faith    .   a - +0 robe
rPois    +         Spirit   .   (no helmet)
rElec    .         Reflect  .   i - +2 cloak
rCorr    .         Harm     .   (no gloves)
MR       .....                  (no boots)
Stlth    ++........             m - amulet of regeneration
HPRegen  0.57/turn              b - ring of ice
MPRegen  0.13/turn              h - ring of poison resistance

@: no status effects
A: change form in water, swift swim, stealthy swim, inability to use devices
a: Renounce Religion


You were on level 7 of the Dungeon.
You worshipped Ru.
Ru was pleased with you.
You were not hungry.

You visited 1 branch of the dungeon, and saw 7 of its levels.
You also visited: Sewer.

You collected 480 gold pieces.

Inventory:

Hand Weapons
 n - a +0 spear (weapon)
Armour
 a - a +0 robe (worn)
 i - a +2 cloak (worn)
Jewellery
 b - a ring of ice (left hand)
 h - a ring of poison resistance (right hand)
 k - an uncursed ring of resist corrosion
 m - an amulet of regeneration (around neck)
Wands
 r - a wand of polymorph (4)
 s - a wand of iceblast (8)
Scrolls
 e - a scroll of identify
 t - 7 scrolls of remove curse
 u - a scroll of amnesia
 v - a scroll of magic mapping
 A - a scroll of blinking
Potions
 d - a potion of magic
 f - a potion of resistance
 g - 3 potions of haste
 j - 4 potions of curing
 l - a potion of mutation
 o - 4 potions of might
 w - a potion of brilliance
 x - 3 potions of flight {unknown}
 z - 6 potions of heal wounds {unknown}
Comestibles
 c - 11 rations
 p - 6 chunks of flesh


   Skills:
 * Level 11.8 Polearms
 - Level 2.6 Dodging
 - Level 2.1 Stealth
 - Level 3.1 Spellcasting
 - Level 8.0 Ice Magic


You had 5 spell levels left.
You knew the following spells:

 Your Spells              Type           Power        Failure   Level  Hunger
a - Freeze                Ice            ####         1%          1    #......
b - Ozocubu's Armour      Chrm/Ice       ###.....     12%         3    ###....
c - Summon Ice Beast      Ice/Summ       ###.....     38%         4    #####..

Your spell library contained the following spells:

 Spells                   Type           Power        Failure   Level  Hunger
 Beastly Appendage        Tmut           #.....       22%         1    #......
 Magic Dart               Conj           #...         22%         1    #......
 Blink                    Tloc           N/A          32%         2    ##.....
 Call Imp                 Summ           #.......     32%         2    ##.....
 Slow                     Hex            #.......     32%         2    ##.....
 Sticks to Snakes         Tmut           #.......     32%         2    ##.....
 Hailstorm                Conj/Ice       ###.....     38%         4    #####..
 Ice Form                 Ice/Tmut       ###.....     38%         4    #####..
 Conjure Flame            Conj/Fire      #.......     54%         3    ###....
 Mephitic Cloud           Conj/Pois/Air  #.......     54%         3    ###....
 Spider Form              Tmut/Pois      #.........   54%         3    ###....
 Blade Hands              Tmut           #.........   99%         5    ######.


Dungeon Overview and Level Annotations

Branches:
Dungeon (7/15)             Temple (0/1) D:5           Sewer (visited)

Altars:
Dithmenos
Fedhas
Gozag
Hepliaklqana
Ru
Zin

Annotations:
D:5 Menkaure


Innate Abilities, Weirdness & Mutations

You revert to your normal form in water.
You are very nimble and swift while swimming.
You are very stealthy in the water. (Stealth+)
You cannot study or use magical devices.


Message History

Butcher an orc corpse? [(y)es/(n)o/(a)ll/(q)uit/?]
There isn't anything else to butcher here.
You now have 480 gold pieces (gained 9).
You open the door.
A steam dragon and a phantom come into view.
The steam dragon hisses angrily.
The steam dragon breathes steam at you. The ball of steam hits you!!
The steam scalds you terribly!
The phantom blinks!
The phantom moves out of view.
The steam dragon moves out of view.
There isn't anything here!
Unknown command.
Unknown command.
You start resting.
The phantom is engulfed in a cloud of scalding steam.
The steam dragon breathes steam at you. The ball of steam hits you!!
The steam scalds you terribly!
* * * LOW HITPOINT WARNING * * *
There is a stone staircase leading up here.
You are engulfed in a cloud of scalding steam.
You die...

#..#### ##.......#
###.#...######........#
#...#_..'.............## #...#
#W#####........####
#...#####.................#
#....^......###...........## ##
#.......#...D...........[..####.
##....####....§§§§§..............
.))#..# ##....)§@§§...#####.###..
.###..###...######§.### #[# #..
.##.......### #.[# #[###..
....#.##### ...... #.....#
.###### .....[.# #.....# ##
.......# #.....# ......# #....[#
.......# #.....# #.....#


You could see a phantom and a steam dragon.

Vanquished Creatures
  2 orc warriors (D:7)
  2 ice beasts
  An ogre (D:4)
  2 big kobolds
  2 bullfrogs (D:6)
  A howler monkey (D:6)
  2 crimson imps (D:6)
  A quasit (D:6)
  An orc priest (D:7)
  4 hounds
  2 jellies (D:5)
  4 orc wizards
  A centaur skeleton (D:5)
  An iguana (D:3)
  A killer bee zombie (D:7)
  A hound zombie (D:5)
  A worker ant zombie (D:6)
  3 gnolls (D:4)
  6 river rats
  6 adders
  A shadow imp (D:5)
  2 oozes (Sewer)
  5 worms
  2 dart slugs
  3 leopard geckos
  12 orcs
  10 ball pythons
  4 giant cockroaches
  9 goblins
  8 hobgoblins
  3 jackals (D:2)
  4 quokkas
  6 bats
  10 frilled lizards
  28 kobolds
  A leopard gecko zombie (D:5)
  A quokka skeleton (D:5)
  31 rats
184 creatures vanquished.

Vanquished Creatures (others)
  An ooze (Sewer)
1 creature vanquished.

Grand Total: 185 creatures vanquished

Notes
Turn   | Place    | Note
-------+----------+-------------------------------------------
     0 | D:1      | kae the Merfolk Ice Elementalist began the quest for the
                  | Orb.
     0 | D:1      | Reached XP level 1. HP: 13/13 MP: 3/3
   420 | D:1      | Reached XP level 2. HP: 19/19 MP: 3/5
   632 | D:1      | Reached skill level 5 in Ice Magic
   803 | D:1      | Reached XP level 3. HP: 21/24 MP: 6/6
  2248 | D:3      | Reached XP level 4. HP: 27/30 MP: 4/8
  2412 | D:3      | Found a sacrificial altar of Ru.
  2416 | D:3      | Found a glowing silver altar of Zin.
  2539 | D:3      | Became a worshipper of Ru the Awakened
  2676 | D:4      | Reached XP level 5. HP: 32/35 MP: 2/9
  2746 | D:4      | Noticed a phantom
  2921 | D:4      | Noticed an ogre
  2996 | D:4      | Learned a level 3 spell: Ozocubu's Armour
  3001 | D:4      | Learned a level 4 spell: Summon Ice Beast
  3048 | D:3      | Reached skill level 1 in Polearms
  3316 | D:4      | Reached skill level 2 in Polearms
  3342 | D:4      | Killed an ogre
  3342 | D:4      | Reached skill level 3 in Polearms
  3342 | D:4      | Reached XP level 6. HP: 30/41 MP: 1/10
  3503 | D:5      | Entered Level 5 of the Dungeon
  3601 | D:5      | Reached skill level 4 in Polearms
  3714 | D:5      | Found a staircase to the Ecumenical Temple.
  3855 | D:5      | Reached XP level 7. HP: 31/46 MP: 0/11
  3945 | D:5      | Reached skill level 5 in Polearms
  3979 | D:5      | Gained mutation: You cannot study or use magical devices.
                  | [Ru sacrifice]
  3979 | D:5      | Reached * piety under Ru
  3979 | D:5      | Reached ** piety under Ru
  4031 | D:5      | Noticed Menkaure
  4089 | D:5      | Found a blossoming altar of Fedhas.
  4454 | D:6      | Found a hazy altar of Hepliaklqana.
  4616 | D:6      | Found a glowing drain.
  4665 | Sewer    | Entered a sewer
  4806 | Sewer    | Reached skill level 6 in Polearms
  5014 | Sewer    | Reached skill level 7 in Polearms
  5352 | D:6      | Found an opulent altar of Gozag.
  5380 | D:6      | Reached skill level 8 in Polearms
  5380 | D:6      | Reached XP level 8. HP: 25/52 MP: 6/12
  5447 | D:6      | Reached skill level 9 in Polearms
  5655 | D:6      | Reached skill level 10 in Polearms
  6127 | D:7      | Reached skill level 11 in Polearms
  6394 | D:7      | Found a shadowy altar of Dithmenos.
  6402 | D:7      | Engulfed by a steam dragon's steam

Levels and vault maps discovered:
D:1:      wander_arrival_desolate, layout_basic
D:2:      layout_loops_ring, serial_forest, infiniplex_forest_straight_5,
          infiniplex_forest_lined_corner, infiniplex_forest_lined_room_,
          infiniplex_forest_lined_ring, infiniplex_forest_corner_1,
          infiniplex_forest_clump_C, infiniplex_forest_clump_long
D:3:      layout_rooms, chequers_temple_overflow_statue_of_worship
D:4:      layout_basic, gammafunk_temple_overflow_wave, first_ration,
          feat_on_display, uniq_crazy_yiuf_cottage
D:5:      layout_basic, minmay_temple_entry_antechambers, basic_altar,
          minmay_misc_feat_ornament, uniq_menkaure
D:6:      layout_rooms, old_standard_altar, basic_altar,
          lightli_sewer_entry_pipes
D:7:      minmay_bubble_buster, layout_rooms, grunt_ogre_cave,
          grunt_dithmenos_shadows

Skill      XL: |  1  2  3  4  5  6  7  8 |
---------------+-------------------------+-----
Ice Magic      | 5 6 7 8 |  8.0
Spellcasting   | 3 |  3.1
Polearms       | 3 4 8 11 | 11.8
Dodging        | |  2.6
Stealth        | |  2.1

Action                   |  1- 3 |  4- 6 |  7- 9 || total
-------------------------+-------+-------+-------++-------
Melee: Unarmed           |     4 |       |       ||     4
       Club              |     5 |       |       ||     5
       Dagger            |    30 |       |       ||    30
       Spear             |     6 |    82 |   286 ||   374
       Tailslap          |       |       |     4 ||     4
 Cast: Freeze            |    54 |    75 |   109 ||   238
       Ozocubu's Armour  |       |     1 |     5 ||     6
       Summon Ice Beast  |       |       |     1 ||     1
Invok: Sacrifice Artific |       |       |     1 ||     1
       Reject Sacrifices |       |       |     1 ||     1
  Use: Scroll            |     5 |     7 |    10 ||    22
 Stab: Sleeping          |     7 |     7 |     5 ||    19
       Distracted        |       |       |     2 ||     2
  Eat: Chunk             |     3 |     4 |     6 ||    13
       Ration            |       |     1 |     1 ||     2
Armor: Robe              |    13 |    12 |    72 ||    97
Dodge: Dodged            |    52 |    49 |   173 ||   274

Table legend:
 A = Non-vault XP
 B = Vault XP
 C = Vault XP percentage of total XP
 D = Non-vault monster count
 E = Vault monster count
 F = Vault count percentage of total count
                 A         B        C        D         E       F
            +---------+---------+-------+---------+---------+-------
      Total |    1950 |     273 |  12.3 |     128 |      57 |  30.8
            +---------+---------+-------+---------+---------+-------
        D:1 |      45 |       0 |   0.0 |      26 |       0 |   0.0
        D:2 |      36 |       0 |   0.0 |      20 |       0 |   0.0
        D:3 |      81 |       0 |   0.0 |      11 |       0 |   0.0
        D:4 |     220 |       0 |   0.0 |      14 |       0 |   0.0
        D:5 |     355 |       0 |   0.0 |      21 |       0 |   0.0
        D:6 |     686 |      64 |   8.5 |      21 |       9 |  30.0
        D:7 |     527 |       0 |   0.0 |      15 |       0 |   0.0
      Sewer |       0 |     209 | 100.0 |       0 |      48 | 100.0
            +---------+---------+-------+---------+---------+-------
